 Dungeon Crawl Stone Soup version 0.28.0-53-g5a82cb258f (webtiles) character file.

Game seed: 16349931053281735883

131 Sin92 the Skirmisher (level 4, -12/36 HPs)
             Began as a Demonspawn Fighter on June 12, 2022.
             Mangled by an ogre
             ... wielding a +0 giant club
              (27 damage)
             ... on level 4 of the Dungeon.
             The game lasted 00:02:24 (3215 turns).

Sin92 the Skirmisher (Demonspawn Fighter)           Turns: 3215, Time: 00:02:25

Health: -12/36     AC:  2    Str: 16    XL:     4   Next: 91%
Magic:  4/4        EV:  9    Int:  9    God:
Gold:   67         SH:  5    Dex: 17    Spells: 3/3 levels left

rFire   . . .      SeeInvis +   a - +1 long sword
rCold   . . .      Faith    .   c - +0 buckler
rNeg    . . .      Spirit   .   b - +0 scale mail
rPois   .          Reflect  .   (no helmet)
rElec   .          Harm     .   (no cloak)
rCorr   .          Rampage  .   (no gloves)
Will    .....                   (no boots)
Stlth   +.........              (no amulet)
HPRegen 0.12/turn               i - ring of see invisible
MPRegen 0.09/turn               (no ring)

@: mighty, corroded
A: claws 1, thin skeletal structure 1, demonic magic 1
a: no special abilities


You were on level 4 of the Dungeon.
You visited 1 branch of the dungeon, and saw 5 of its levels.

You collected 67 gold pieces.

Inventory:

Hand Weapons
 a - a +1 long sword (weapon)
Armour
 b - a +0 scale mail (worn)
 c - a +0 buckler (worn)
Jewellery
 i - a ring of see invisible (left claw)
Wands
 h - a wand of charming (4)
Scrolls
 j - a scroll of identify
 m - a scroll of teleportation {unknown}
 n - a scroll of fear {unknown}
Potions
 d - a potion of might
 e - a potion of flight {unknown}
 f - 2 potions of invisibility
 g - a potion of degeneration {unknown}
 k - a potion of curing {unknown}
 l - a potion of heal wounds {unknown}


   Skills:
 + Level 3.6 Fighting
 + Level 2.6 Long Blades
 + Level 3.3 Armour
 + Level 1.5 Dodging
 + Level 3.3 Shields


You had 3 spell levels left.
You didn't know any spells.
Your spell library was empty.

Dungeon Overview and Level Annotations

Branches:
Dungeon (5/15)
 Temple: D:4-7

Altars:


Innate Abilities, Weirdness & Mutations

You have sharp fingernails.
You have a somewhat thin skeletal structure. (Dex +2, Stealth+)
Spells you cast may paralyse adjacent enemies.


Message History

A jelly comes into view.
An ogre and an ufetubus come into view.
Found a club and 19 stones.
The jelly quivers.
The ogre shouts!
The ogre moves out of view.
There are monsters nearby!
You slash the jelly!
Your claws burn!
The jelly is heavily wounded.
The jelly barely misses you.
There are monsters nearby!
You hit the jelly.
Your claws burn!
The jelly is heavily wounded.
The teleport trap disappears.
The ufetubus disappears!
The jelly hits you. The acid corrodes you!
You are splashed with acid!
There are monsters nearby!
You are too injured to fight recklessly!
There are monsters nearby!
There are monsters nearby!
You are too injured to fight recklessly!
Unknown command.
You block the jelly's attack.
You feel very mighty all of a sudden. The jelly barely misses you.
You slash the jelly!
Your claws burn!
The jelly is almost dead.
The jelly hits you but does no damage.
You slash the jelly!
You kill the jelly!
You hit the ogre.
The ogre is lightly wounded.
You block the ogre's attack.
You barely miss the ogre.
The ogre is lightly wounded.
The ogre closely misses you.
You barely miss the ogre.
The ogre is lightly wounded.
The ogre hits you with a +0 giant club!!
Ouch! That really hurt!
You die...

#.. #.# #.# #.# . ####.# ..#
#.##.###..... ...# #(##......#
###...# #.##O#ยง)### #.....
#.##@##..O# #.... #....# #....(
#...# #.#### #...# #...# #.####
#... #...# #....# #.. #...#
###.## #. ## #...# #.# ######.
#...###########.####### #...)..
#...............#.....#####.###..


You could see an ogre.

Vanquished Creatures
  A jelly (D:4)
  A bullfrog skeleton (D:5)
  A hound skeleton (D:4)
  An adder (D:2)
  A dart slug (D:1)
  2 orcs
  2 endoplasms
  4 hobgoblins (D:1)
  4 quokkas (D:1)
  3 bats
  2 frilled lizards
  10 goblins
  7 kobolds
  3 rats
42 creatures vanquished.

Notes
Turn   | Place    | Note
-------+----------+-------------------------------------------
     0 | D:1      | Sin92 the Demonspawn Fighter began the quest for the Orb.
     0 | D:1      | Reached XP level 1. HP: 18/18 MP: 1/1
   304 | D:1      | Gained mutation: You have sharp fingernails. [demonic
                  | ancestry]
   304 | D:1      | Reached XP level 2. HP: 24/24 MP: 2/2
   845 | D:1      | Found a faded altar of an unknown god.
  1129 | D:2      | Gained mutation: Spells you cast may paralyse adjacent
                  | enemies. [demonic ancestry]
  1129 | D:2      | Reached XP level 3. HP: 29/29 MP: 3/3
  1163 | D:2      | Reached skill level 1 in Dodging
  2228 | D:2      | Identified the +1 falchion of Unreason {drain, Fragile rC+
                  | rN++ Will+}
  2543 | D:3      | You fall into a shaft and drop 2 floors!
  2543 | D:5      | Entered Level 5 of the Dungeon
  2554 | D:5      | Gained mutation: You have a somewhat thin skeletal
                  | structure. (Dex +2, Stealth+) [demonic ancestry]
  2554 | D:5      | Reached XP level 4. HP: 8/35 MP: 4/4
  3205 | D:4      | Noticed an ogre
  3215 | D:4      | Mangled by an ogre

Illustrated notes

Levels and vault maps discovered:
D:1:      ncdulo_watergridlock, layout_basic,
          hellmonk_ecumenical_altar_arch_garden
D:2:      layout_rooms, serial_co_window_serial, co_window_cross_1,
          co_window_paths_a, co_window_paths_b, co_window_paths_a,
          co_window_paths_a, co_window_paths_a, co_window_of_opportunity_a,
          co_window_unsneaky_path_c, co_window_broadway_a, co_window_paths_c,
          co_window_cross_4, co_window_of_opportunity_b, co_window_paths_e,
          co_window_4corner_a, glass_columns_a
D:3:      layout_loops_cross, nemelex_diamond_rough_becter, minmay_statues_item,
          minmay_misc_feat_ornament
D:4:      layout_basic, minmay_temple_entry_tees, minmay_misc_feat_chi,
          uniq_ijyb
D:5:      layout_loops_ring, gammafunk_ghost_split, lexackson_kobold_supper,
          uniq_prince_ribbit1

Skill      XL: |  1  2  3 |
---------------+----------+-----
Long Blades    | 2 |  2.6
Armour         | 3 |  3.3
Dodging        | 1 |  1.5
Shields        | 3 |  3.3
Fighting       | |  3.6

Action                   |  1- 3 |  4- 6 || total
-------------------------+-------+-------++-------
Melee: Long sword        |   117 |    18 ||   135
  Use: Scroll            |     4 |     1 ||     5
       Potion            |       |     1 ||     1
Armor: Scale mail        |    47 |     5 ||    52
Dodge: Dodged            |    45 |     6 ||    51
Block: Buckler           |    23 |     4 ||    27
